 Dungeon Crawl Stone Soup version 0.29-a0-410-g9596d59a08 (webtiles) character file.

Game seed: 14695740682071558751

13821 Lekart the Warrior (level 11, -5/113 HPs)
             Began as a White Draconian Chaos Knight on May 14, 2022.
             Was a Plaything of Xom.
             Slain by an orc warrior
             ... wielding a +0 war axe
              (16 damage)
             ... in a bailey.
             The game lasted 00:13:35 (10266 turns).

Lekart the Warrior (White Draconian Chaos Knight)  Turns: 10266, Time: 00:13:36

Health: -5/113     AC: 10    Str: 15    XL:     11   Next: 80%
Magic:  11/11      EV: 12    Int: 12    God:    Xom [..*...]
Gold:   1779       SH: 11    Dex: 16    Spells: 10/10 levels left

rFire   . . .      SeeInvis +   o - +9 hand axe "Kuzxumou" {speed, SInv}
rCold   + + .      Faith    .   f - +0 buckler
rNeg    . . .      Spirit   .   (body armour unavailable)
rPois   .          Reflect  +   (helmet restricted)
rElec   .          Harm     .   w - +0 cloak {Will+}
rCorr   .          Rampage  .   F - +1 pair of gloves {Str+3}
Will    +....                   (no boots)
Stlth   +.........              g - amulet of reflection
HPRegen 0.28/turn               e - ring of protection from cold
MPRegen 0.12/turn               (no ring)

@: studying Polearms, unable to read
A: breathe frost, AC +7, unfitting armour, cold resistance 1, cold-blooded,
deterioration 1, screaming 1, weak 1, wild magic 1, inability to read while
threatened
a: Breathe Frost, Renounce Religion


You were in a bailey.
You worshipped Xom.
You were a toy of Xom.
You visited 1 branch of the dungeon, and saw 10 of its levels.
You also visited: Bailey.

You collected 1779 gold pieces.

Inventory:

Hand Weapons
 a - a +2 falchion of chaos
 o - the +9 hand axe "Kuzxumou" (weapon) {speed, SInv}
   (You found it on level 3 of the Dungeon)

   Attacks with this weapon are significantly faster.
   SInv:      It lets you see invisible.
 y - the +5 hand axe "Meproq" {spect, rElec rF++ Str+2}
   (You found it in a bailey)

   When its wielder attacks, the weapon's spirit leaps out and strikes again.
   The spirit shares a part of any damage it takes with its wielder.
   Str:       It affects your strength (+2).
   rF:        It greatly protects you from fire.
   rElec:     It insulates you from electricity.
Missiles
 l - a throwing net
Armour
 f - a +0 buckler (worn)
 q - a +0 pair of gloves
 w - a +0 cloak of willpower (worn)
 F - a +1 pair of gloves of strength (worn)
Jewellery
 c - a ring of flight
 e - a ring of protection from cold (left hand)
 g - an amulet of reflection (around neck)
 r - a ring of magical power
Wands
 n - a wand of polymorph (33)
 s - a wand of paralysis (12)
 x - a wand of acid (9)
 B - a wand of digging (6)
Scrolls
 d - 8 scrolls of teleportation
 m - 2 scrolls of identify
 u - 2 scrolls of blinking
 z - a scroll of magic mapping
 A - a scroll of amnesia
 D - a scroll of fear
 E - a scroll of fog
Potions
 h - 4 potions of curing
 i - 3 potions of attraction
 j - 4 potions of mutation
 k - 3 potions of haste
 p - 2 potions of brilliance
 t - a potion of cancellation
 v - a potion of invisibility
Miscellaneous
 b - a piece from Xom's chessboard (15/15) (quivered)


   Skills:
 * Level 15.5 Fighting
 - Level 3.6 Long Blades
 + Level 7.1 Axes
 - Level 2.3 Dodging
 + Level 7.3 Shields
 + Level 7.4 Evocations


You had 10 spell levels left.
You didn't know any spells.
Your spell library contained the following spells:

 Spells                   Type           Power      Damage    Failure   Level
 Blink                    Tloc           0%         N/A       61%         2
 Ozocubu's Armour         Ice            0%         N/A       83%         3
 Manifold Assault         Tloc           0%         N/A       100%        5
 Metabolic Englaciation   Hex/Ice        0%         N/A       100%        5
 Simulacrum               Ice/Necr       0%         N/A       100%        6
 Storm Form               Tmut/Air       0%         N/A       100%        7


Dungeon Overview and Level Annotations

Branches:
Dungeon (10/15)            Temple (0/1) D:7            Lair (0/6) D:10
    Orc (0/2) D:9          Bailey (1/1)

Altars:
Ashenzari
Elyvilon
Okawaru
Ru
Sif Muna
Vehumet


Innate Abilities, Weirdness & Mutations

You can breathe waves of freezing cold which knock back foes.
Your icy white scales are hard. (AC +7)
You cannot fit into any form of body armour.
Your flesh is cold resistant. (rC+)
You are cold-blooded and may be slowed by cold attacks.
Your body sometimes deteriorates upon taking damage.
You occasionally shout uncontrollably at your foes.
You are weak. (Str -2)
Your spells are a little harder to cast, but a little more powerful.
You sometimes lose the ability to read scrolls when taking damage.


Message History

The orc warrior hits you with a +0 war axe!!
You feel threatened and lose the ability to read scrolls!
The electric eel shoots out a bolt of lightning at you!
The bolt of electricity hits you!
You closely miss the electric eel.
The electric eel is severely wounded.
You closely miss the electric eel.
You hit the orc warrior but do no damage.
You barely miss the electric eel.
The electric eel is severely wounded.
You slash the electric eel!
You hit the orc warrior but do no damage.
The orc warrior barely misses you.
The electric eel shoots out a bolt of lightning at you!
The bolt of electricity hits you!
You are too injured to fight recklessly!
You are too injured to fight recklessly!
You are too injured to fight recklessly!
You slash the electric eel!
You kill the electric eel!
You hit the orc warrior but do no damage.
You barely miss the electric eel. You block the orc warrior's attack.
The electric eel shoots out a bolt of lightning at you!
The bolt of electricity hits you!
You slash the electric eel!
You kill the electric eel!
You hear a splash.
You closely miss the orc warrior.
The orc warrior hits you with a +0 war axe!!
* * * LOW HITPOINT WARNING * * *
Xom is interested.
You cannot read scrolls in your current state!
Unknown command.
The orc warrior attacks as you move away!
The orc warrior hits you with a +0 war axe.
* * * LOW HITPOINT WARNING * * *
The orc warrior attacks as you move away!
The orc warrior hits you with a +0 war axe!
You die...
Xom giggles madly!

#+###8.8###'##'#'#≈≈≈≈≈≈
#...#...#...#..#.≈≈≈≈≈≈≈
###'#8.8#'###..#.≈≈≈≈≈≈≈≈
#)).#...#...#..#.≈≈≈≈≈≈≈≈
#)..#...#...#..#_≈≈≈≈≈≈≈≈
#'####)####'#..#.≈≈≈≈≈≈≈≈
#.....).....#'##.≈≈≈≈≈≈≈≈
#....._.....#..#.≈≈≈≈≈≈≈≈
#...........#8.#@≈≈≈≈≈≈≈≈
#...........#..#o≈≈≈≈≈≈≈≈
#############8.#oo≈≈≈≈≈≈≈
...#######.....#.†≈≈≈≈≈≈≈
...#.....#...8.#.≈≈≈≈≈≈≈≈
...#.....#.....#.≈≈≈≈≈≈≈≈
#..#..⌠..#).####'#≈≈≈≈≈≈≈
#..'...).+).# ..#≈≈≈≈≈≈≈
#..'..)..+..# ._#≈≈≈≈≈≈≈


You could see an orc knight, an orc warrior (strong) and an orc (strong).

Vanquished Creatures
  A two-headed ogre (D:10)
  An ugly thing (D:6)
  Maggie (D:6)
  3 kobold demonologists
  A troll (D:8)
  3 hornets
  3 yaks (D:9)
  2 wyverns
  A wraith (D:10)
  Grum (D:9)
  2 water moccasins
  8 orc warriors
  2 black bears
  2 wolves (D:9)
  2 ogres
  4 centaurs
  Blork the orc (D:6)
  2 bullfrogs
  A necrophage (D:5)
  4 kobold brigands
  A gnoll sergeant (D:9)
  3 scorpions
  5 wights (D:9)
  6 killer bees (D:8)
  3 electric eels (Bailey)
  3 jellies
  6 orc priests
  Crazy Yiuf (D:6)
  6 hounds
  2 iguanas
  5 orc wizards
  10 gnolls
  9 adders
  A shadow imp (D:8)
  A white imp (D:6)
  2 worms
  3 dart slugs
  34 orcs
  10 ball pythons
  A bat (D:2)
  9 endoplasms
  A giant cockroach (D:1)
  12 goblins
  20 hobgoblins
  10 jackals
  7 quokkas
  2 frilled lizards
  26 kobolds
  4 rats
248 creatures vanquished.

Vanquished Creatures (collateral kills)
  2 yaks (D:9)
  A gnoll (D:9)
  An orc (D:9)
  A kobold (D:9)
5 creatures vanquished.

Vanquished Creatures (others)
  A dancing weapon (D:9)
  An orc wizard (D:6)
  5 fungi
  30 plants (D:1)
37 creatures vanquished.

Grand Total: 290 creatures vanquished

Notes
Turn   | Place    | Note
-------+----------+-------------------------------------------
     0 | D:1      | Lekart the Draconian Chaos Knight began the quest for the
                  | Orb.
     0 | D:1      | Reached XP level 1. HP: 19/19 MP: 1/1
   193 | D:1      | Reached XP level 2. HP: 16/26 MP: 2/2
   199 | D:1      | XOM: silly message
   296 | D:1      | XOM: silly message
   509 | D:1      | XOM: god gift: hunting sling {god gift}
   685 | D:1      | XOM: blink monster(s)
   822 | D:1      | XOM: god gift: 968 gold pieces
   834 | D:1      | XOM: silly message
   994 | D:1      | Reached XP level 3. HP: 32/33 MP: 3/3
  1216 | D:2      | Reached skill level 1 in Evocations
  1431 | D:2      | Reached skill level 4 in Fighting
  1454 | D:2      | XOM: 4-stop teleportation journey
  1729 | D:2      | XOM: polymorph orc -> hobgoblin
  1945 | D:2      | XOM: 2-stop teleportation journey
  2302 | D:3      | Reached XP level 4. HP: 40/40 MP: 4/4
  2385 | D:3      | Reached skill level 1 in Shields
  2517 | D:3      | XOM: stat loss: -1 Str (13/14)
  2570 | D:3      | Identified the +9 hand axe "Kuzxumou" {speed, SInv}
  2785 | D:3      | XOM: give mutations
  2785 | D:3      | Gained mutation: Your spells are a little harder to cast,
                  | but a little more powerful. [Xom's mischief]
  2785 | D:3      | Gained mutation: You are clumsy. (Dex -2) [Xom's mischief]
  2785 | D:3      | Gained mutation: Your muscles are strong. (Str +2) [Xom's
                  | mischief]
  2785 | D:3      | Gained mutation: You occasionally shout uncontrollably at
                  | your foes. [Xom's mischief]
  3161 | D:4      | Reached XP level 5. HP: 47/47 MP: 5/5
  3184 | D:4      | XOM: give mutation
  3184 | D:4      | Lost mutation: You are clumsy. (Dex -2) [Xom's mischief]
  3189 | D:4      | Reached skill level 5 in Fighting
  3190 | D:4      | Reached skill level 1 in Axes
  3440 | D:4      | Reached XP level 6. HP: 55/56 MP: 6/6
  3573 | D:4      | XOM: enchant monster (good)
  3599 | D:4      | Found a radiant altar of Vehumet.
  3620 | D:4      | XOM: cloud trail
  3892 | D:4      | XOM: god gift: 64 gold pieces
  4007 | D:5      | Entered Level 5 of the Dungeon
  4062 | D:5      | Reached skill level 6 in Fighting
  4136 | D:5      | Your scales start taking on an icy white colour.
  4136 | D:5      | Reached XP level 7. HP: 62/63 MP: 7/7
  4136 | D:5      | Gained mutation: Your flesh is cold resistant. (rC+) [White
                  | Draconian growth]
  4806 | D:6      | Noticed a white ugly thing
  4819 | D:6      | Killed a white ugly thing
  4820 | D:6      | Reached skill level 7 in Fighting
  4820 | D:6      | Reached XP level 8. HP: 26/73 MP: 8/8
  5304 | D:6      | Noticed Blork the orc
  5314 | D:6      | Killed Blork the orc
  5315 | D:6      | Reached skill level 8 in Fighting
  5465 | D:6      | XOM: summons friendly ufetubus
  5546 | D:6      | Noticed Maggie
  5565 | D:6      | Killed Maggie
  5600 | D:6      | XOM: 2-stop teleportation journey
  5755 | D:6      | Found a broken altar of Ashenzari.
  5958 | D:6      | Reached skill level 5 in Evocations
  6095 | D:6      | Reached XP level 9. HP: 82/82 MP: 9/9
  6184 | D:6      | Reached skill level 9 in Fighting
  6192 | D:6      | Found a white marble altar of Elyvilon.
  6193 | D:6      | Found a shimmering blue altar of Sif Muna.
  6292 | D:6      | Found a runed translucent door.
  6293 | D:6      | Noticed Crazy Yiuf
  6298 | D:6      | Killed Crazy Yiuf
  6315 | D:6      | XOM: silly message
  6454 | D:7      | Reached skill level 5 in Shields
  6612 | D:7      | Found a staircase to the Ecumenical Temple.
  6711 | D:7      | Reached skill level 5 in Axes
  6860 | D:7      | XOM: smoke on damage
  7123 | D:7      | Found an iron altar of Okawaru.
  7358 | D:8      | XOM: noise
  7369 | D:8      | Noticed a troll
  7371 | D:8      | Reached skill level 10 in Fighting
  7385 | D:8      | Killed a troll
  7719 | D:8      | Identified the +3 dagger "Vuevufru" {elec, *Noise rElec
                  | rPois}
  7814 | D:8      | XOM: give mutations
  7814 | D:8      | Lost mutation: Your muscles are strong. (Str +2) [Xom's
                  | mischief]
  7814 | D:8      | Gained mutation: You are weak. (Str -2) [Xom's mischief]
  7814 | D:8      | Gained mutation: Your body sometimes deteriorates upon
                  | taking damage. [Xom's mischief]
  7814 | D:8      | Gained mutation: You sometimes lose the ability to read
                  | scrolls when taking damage. [Xom's mischief]
  8314 | D:9      | Reached XP level 10. HP: 85/94 MP: 10/10
  8358 | D:9      | Noticed Grum
  8368 | D:9      | Killed Grum
  8368 | D:9      | XOM: summons friendly ufetubus
  8394 | D:9      | XOM: silly message
  8397 | D:9      | XOM: god gift: potion of mutation
  8584 | D:9      | XOM: enchant monster (bad)
  8600 | D:9      | Reached skill level 11 in Fighting
  8601 | D:9      | XOM: confusion (+ monsters)
  8656 | D:9      | XOM: summons 6 friendly demons
  8740 | D:9      | XOM: potion effect (experience)
  8740 | D:9      | Reached skill level 15 in Fighting
  8740 | D:9      | Reached XP level 11. HP: 56/112 MP: 11/11
  8750 | D:9      | XOM: divination: detect items
  9150 | D:9      | Found a sacrificial altar of Ru.
  9186 | D:9      | XOM: silly message
  9406 | D:9      | Found a staircase to the Orcish Mines.
  9510 | D:10     | Entered Level 10 of the Dungeon
  9564 | D:10     | Noticed a two-headed ogre
  9576 | D:10     | Killed a two-headed ogre
  9610 | D:10     | Found a flagged portal.
  9618 | Bailey   | Entered a bailey
  9839 | Bailey   | XOM: scenery: 1 fountains blood, 3 doors close
 10011 | Bailey   | XOM: divination: detect items
 10044 | Bailey   | XOM: divination: detect items
 10098 | Bailey   | Found an iron altar of Okawaru.
 10112 | Bailey   | Identified the +5 hand axe "Meproq" {spect, rElec rF++
                  | Str+2}
 10255 | Bailey   | Noticed an orc knight
 10258 | Bailey   | XOM: scenery: create altars
 10266 | Bailey   | Slain by an orc warrior

Illustrated notes

Levels and vault maps discovered:
D:1:      roderic_crop_circles_arrival_small, layout_loops_cross,
          serial_bayou_pond_e, minmay_vboxes
D:2:      layout_loops_corners, guppyfry_early_orc_mine
D:3:      corexii_shack_village, layout_basic
D:4:      minmay_chambers_of_threes, layout_loops_ring,
          mainiacjoe_overflow_cross_hatched, nicolae_underground_beach
D:5:      layout_cave_pools, nrook_campfire, roderic_roman_lattice
D:6:      layout_loops_ring, mainiacjoe_overflow_alcove_2,
          nicolae_overflow_hidden_temple, minmay_strange_pillars,
          minmay_three_doors, uniq_crazy_yiuf_cottage, uniq_blork_the_orc,
          uniq_maggie
D:7:      layout_basic, amcnicky_altar_gilded, minmay_temple_entry_ruins,
          serial_glass, glass_columns_b, glass_columns_c
D:8:      layout_gridville
D:9:      layout_rooms, mainiacjoe_overflow_alcove_1, uniq_grum
D:10:     layout_loops_ring, mainiacjoe_overflow_tiny_flanked, erik_lair_island,
          enter_bailey_3, serial_shops, nicolae_shop_hallway_stairs, kb_rosetta,
          uniq_psyche, uniq_lodul
Bailey:   bailey_axe_of_yendor_kennysheep, bailey

Skill      XL: |  1  2  3  4  5  6  7  8  9 10 11 |
---------------+----------------------------------+-----
Evocations     | 1 2 3 4 5 6 7 |  7.4
Fighting       | 4 5 6 7 8 10 15 | 15.5
Shields        | 1 2 3 4 6 7 |  7.3
Axes           | 1 2 3 4 5 6 7 |  7.1
Long Blades    | |  3.6
Dodging        | |  2.3

Action                   |  1- 3 |  4- 6 |  7- 9 | 10-12 || total
-------------------------+-------+-------+-------+-------++-------
Melee: Falchion          |   135 |    32 |       |       ||   167
       Tailslap          |    13 |     9 |    42 |    34 ||    98
       Punch             |     1 |       |       |       ||     1
       Hand axe          |       |    85 |   232 |   195 ||   512
 Abil: Breathe Frost     |       |       |     1 |     1 ||     2
Evoke: Wand              |       |       |     8 |    11 ||    19
  Use: Scroll            |     3 |     7 |     5 |     4 ||    19
       Potion            |       |     4 |       |     1 ||     5
 Stab: Sleeping          |     1 |       |     1 |       ||     2
       Distracted        |       |       |       |     1 ||     1
Armor: Skin              |    32 |    29 |    30 |    25 ||   116
Dodge: Dodged            |    84 |    53 |    80 |    77 ||   294
Block: Buckler           |    46 |    54 |    74 |    81 ||   255
       Reflection        |       |     2 |     6 |     3 ||    11

Table legend: (Time is in decaauts)
 A = Elapsed time spent in this place.
 B = Non-inter-level travel time spent in this place.
 C = Inter-level travel time spent in this place.
 D = Time resting spent in this place.
 E = Time spent auto-exploring this place.
 F = Levels seen in this place.
 G = Mean time per level.
                   A        B        C        D        E       F      G
               +--------+--------+--------+--------+--------+-----+--------+
         Total |  10155 |   9962 |    193 |   1867 |   6296 |  11 |  923.2 |
       Dungeon |   9526 |   9333 |    193 |   1531 |   6296 |  10 |  952.6 |
        Bailey |    628 |    628 |      0 |    336 |      0 |   1 |  628.0 |
               +--------+--------+--------+--------+--------+-----+--------+

Top non-repeatable levels by time:
     D:6: 1601 daAuts
     D:2: 1200 daAuts
     D:1: 1116 daAuts
     D:9: 1109 daAuts
     D:8: 1034 daAuts
     D:7: 900 daAuts
     D:4: 871 daAuts
     D:3: 840 daAuts
     D:5: 751 daAuts
  Bailey: 628 daAuts
    D:10: 100 daAuts
